AoeStats
← Alexeug

Arena

509338128Analyzed
2v2 RM · 8d ago on Sep 26, 2026· 44m 26s· 4 players
Game mode
Random Map
Map size
Medium (4 player)
Population
200
Speed
Normal
Resources
Standard
Victory
Conquest
Starting age
Dark Age
Ending age
Imperial Age
RankedLock teamsTeams togetherTeam positionsShared explorationLock speedFull tech treeHidden civsTurbo modeCheats
Victory
Defeat
🇬🇷 Portuguese · Greece
850
+20
🇩🇪 Celts · Germany
837
+21
🇹🇷 Burgundians · Türkiye
965
-57
🇫🇷 Vietnamese · France
925
-20
Alexeug
10:11 Loom
11:57 Feudal Age
16:09 Castle Age
14:05 Horse Collar
14:37 Double-Bit Axe
19:13 Gold Mining
19:16 Stone Mining
19:38 Bow Saw
22:11 Elite Skirmisher
23:00 Padded Archer Armor
25:45 Crossbowman
26:43 Leather Archer Armor
26:19 Fletching
31:03 Thumb Ring
33:32 Scale Barding Armor
34:20 Bloodlines
34:11 Husbandry
34:51 Stone Shaft Mining
34:18 Heavy Plow
38:01 Imperial Age
37:03 Fortified Wall
36:50 Murder Holes
37:44 Chain Barding Armor
37:35 Forging
37:21 Bodkin Arrow
38:13 Imperial Skirmisher
39:58 Elite Battle Elephant
Rora
6:12 Double-Bit Axe
11:55 Feudal Age
14:16 Bow Saw
17:02 Horse Collar
19:58 Castle Age
18:12 Heavy Plow
18:12 Gold Mining
18:47 Stone Mining
20:17 Gold Shaft Mining
20:52 Stone Shaft Mining
21:39 Two-Man Saw
25:41 Crop Rotation
26:59 Wheelbarrow
26:09 Town Watch
26:09 Loom
26:17 Town Watch
31:51 Imperial Age
ZuluWa777
9:50 Loom
12:06 Feudal Age
14:47 Double-Bit Axe
18:02 Castle Age
18:05 Wheelbarrow
17:13 Horse Collar
17:25 Gold Mining
17:30 Stone Mining
24:15 Forging
24:16 Scale Mail Armor
25:46 Bow Saw
27:39 Hand Cart
27:28 Heavy Plow
27:59 Fletching
29:53 Iron Casting
29:35 Chain Mail Armor
33:57 Imperial Age
32:05 Bodkin Arrow
32:11 Padded Archer Armor
32:24 Pikeman
32:49 Arson
33:22 Padded Archer Armor
36:22 Gold Shaft Mining
36:22 Stone Shaft Mining
37:40 Elite Woad Raider
38:42 Conscription
40:16 Halberdier
41:58 Blast Furnace
41:29 Plate Mail Armor
41:17 Onager
41:20 Capped Ram
42:38 Furor Celtica
42:23 Stronghold
44:06 Chemistry
43:12 Siege Engineers
43:23 Fortified Wall
43:37 Ballistics
Tom Varvaros
11:17 Feudal Age
12:35 Wheelbarrow
11:45 Town Watch
11:49 Double-Bit Axe
11:48 Horse Collar
11:59 Gold Mining
15:46 Stone Mining
20:49 Castle Age
19:01 Man-at-Arms
19:58 Forging
19:49 Scale Mail Armor
19:59 Fletching
20:09 Padded Archer Armor
21:44 Hand Cart
22:07 Stone Shaft Mining
21:45 Bow Saw
21:38 Heavy Plow
21:50 Crossbowman
22:54 Elite Skirmisher
23:49 Town Patrol
28:41 Leather Archer Armor
28:22 Bodkin Arrow
28:45 Chain Mail Armor
29:05 Iron Casting
28:19 Gambesons
28:30 Long Swordsman
30:37 Light Cavalry
32:11 Circumnavigation
35:19 Imperial Age
33:26 Ballistics
33:17 Fortified Wall
32:40 Pikeman
34:07 Masonry
34:15 Thumb Ring
36:26 Conscription
37:11 Chemistry
35:44 Halberdier
37:11 Crop Rotation
37:48 Arquebus
38:33 Elite Organ Gun
40:05 Ring Archer Armor
41:19 Architecture
40:21 Arbalester
Connection lost

Rejoining the realm…

Still unreachable

The connection could not be restored.

Session expired

The server has moved on; the page needs a fresh start.